 Dungeon Crawl Stone Soup version 0.25.0-1-g7eea58d (webtiles) character file.

Game seed: 16075120245310724784

10930 Illumine the Cleaver (level 11, -1/99 HPs)
             Began as a Minotaur Fighter on June 26, 2020.
             Was an Elder of Makhleb.
             Slain by a blink frog (9 damage)
             ... on level 2 of the Lair of Beasts.
             The game lasted 00:11:22 (12128 turns).

Illumine the Cleaver (Minotaur Fighter)            Turns: 12128, Time: 00:11:23

Health: -1/99      AC: 13    Str: 24    XL:     11   Next: 42%
Magic:  0/14       EV: 10    Int: 11    God:    Makhleb [****..]
Gold:   739        SH: 13    Dex: 10    Spells: 10/10 levels left

rFire    + . .     SeeInvis .   O - +0 broad axe
rCold    + . .     Gourm    .   c - +1 kite shield
rNeg     . . .     Faith    .   p - +0 chain mail
rPois    .         Spirit   +   (helmet restricted)
rElec    .         Reflect  .   n - scarf {rC+ rF+}
rCorr    .         Harm     .   w - +0 pair of gloves
MR       .....                  (no boots)
Stlth    ..........             N - amulet of guardian spirit
HPRegen  0.26/turn              F - +6 ring of intelligence
MPRegen  0.14/turn              (no ring)

@: no status effects
A: retaliatory headbutt, horns 2
a: Minor Destruction, Lesser Servant of Makhleb, Major Destruction, Renounce
Religion


You were on level 2 of the Lair of Beasts.
You worshipped Makhleb.
Makhleb was greatly pleased with you.
You were not hungry.

You visited 3 branches of the dungeon, and saw 13 of its levels.

You collected 739 gold pieces.

Inventory:

Hand Weapons
 a - a +1 war axe
 h - a +1 vorpal war axe
 O - a +0 broad axe (weapon)
Armour
 b - a +0 scale mail
 c - a +1 kite shield (worn)
 n - a scarf of resistance (worn)
 p - a +0 chain mail (worn)
 w - a +0 pair of gloves (worn)
Jewellery
 y - an uncursed ring of teleportation
 F - a +6 ring of intelligence (left hand)
 N - an amulet of guardian spirit (around neck)
Wands
 e - a wand of iceblast (8)
 g - a wand of digging (11)
 o - a wand of enslavement (6)
 u - a wand of random effects (52)
 M - a wand of disintegration (24)
 P - a wand of acid (5)
 Q - a wand of paralysis (10)
Scrolls
 j - 2 scrolls of immolation
 l - 3 scrolls of remove curse
 t - 3 scrolls of amnesia
 x - a scroll of silence {unknown}
 B - a scroll of fear
 E - 4 scrolls of fog
 G - a scroll of random uselessness {unknown}
 H - 3 scrolls of magic mapping
 I - a scroll of teleportation
 K - a scroll of blinking
 L - a scroll of noise {unknown}
Potions
 d - 5 potions of might
 i - 2 potions of mutation
 k - 3 potions of flight
 m - 3 potions of heal wounds
 q - 2 potions of cancellation
 r - a potion of resistance
 s - a potion of brilliance {unknown}
 v - 6 potions of lignification
 z - 2 potions of stabbing
 A - a potion of haste
 D - 2 potions of degeneration
 J - a potion of berserk rage
Comestibles
 f - 14 rations


   Skills:
 + Level 9.9 Fighting
 + Level 10.5 Axes
 + Level 10.0 Armour
 + Level 7.1 Dodging
 + Level 10.0 Shields
 + Level 5.7 Invocations


You had 10 spell levels left.
You didn't know any spells.
Your spell library contained the following spells:

 Spells                   Type           Power        Failure   Level  Hunger
 Magic Dart               Conj           #...         98%         1    ##.....
 Searing Ray              Conj           #.....       99%         2    ###....
 Dazzling Flash           Conj/Hex       #.....       100%        3    ####...
 Fulminant Prism          Conj/Hex       #.........   100%        4    #####..
 Iskenderun's Mystic Bla  Conj/Tloc      #.......     100%        4    #####..


Dungeon Overview and Level Annotations

Branches:
Dungeon (10/15)            Temple (1/1) D:7            Lair (2/6) D:10
  Swamp: Lair:2-4    Shoals: Lair:2-4     Snake: Lair:2-4    Spider: Lair:2-4
    Orc: D:9-12

Altars:
Ashenzari
Cheibriados
Dithmenos
Elyvilon
Fedhas
Gozag
Hepliaklqana
Kikubaaqudgha
Makhleb
Nemelex Xobeh
Okawaru
Qazlal
Ru
Sif Muna
Trog
Uskayaw
Vehumet
Wu Jian
Xom
Yredelemnul
Zin
The Shining One

Shops:
D:4 :   D:5 (

Annotations:
D:6 1 runed translucent door, Skilfsilihog's ghost, novice MiFi


Innate Abilities, Weirdness & Mutations

You reflexively headbutt those who attack you in melee.
You have a pair of horns on your head.


Message History

The blink frog is moderately wounded.
The blink frog closely misses you.
You miss the blink frog.
The blink frog is moderately wounded.
The blink frog hits you.
* * * LOW HITPOINT WARNING * * *
You block the blink frog's attack.
Unknown command.
You barely miss the blink frog.
The blink frog is moderately wounded.
You hit the blink frog. You block the blink frog's attack. x2
Unknown command.
You slash the blink frog!
The blink frog is severely wounded.
You hit the blink frog. x2; The blink frog hits you!
* * * LOW HITPOINT WARNING * * *
You block the blink frog's attack.
The blink frog hits you but does no damage.
The blink frog blinks!
The blink frog hits you!
You die...

.<<.......#
.....F....## .#
...........###.#
............#P..
.....(.........#
...............#
#........##
#.§F......#
##@F.....#
#.......#
#.......#
##.......#
#P.......# > ##
##.......# .
..#.###........# #
.....#..........#
#
#...............##


You could see 3 blink frogs.

Vanquished Creatures
  Erolcha (D:10)
  2 two-headed ogres
  A spiny frog (Lair:2)
  3 komodo dragons
  A hornet (D:8)
  A queen bee (D:8)
  A blink frog (Lair:2)
  Sigmund (D:3)
  A wyvern (D:9)
  The ghost of Qborf the Covered, an amateur MiFi of Cheibriados (D:5)
  3 yaks (D:9)
  Eustachio (D:6)
  Duvessa (D:5)
  A water moccasin (Lair:1)
  2 porcupines (Lair:2)
  3 black bears
  4 ice beasts
  2 orc warriors
  A sky beast (D:10)
  A phantom (D:7)
  9 ogres
  3 wolves (Lair:2)
  2 centaurs (D:9)
  2 crocodiles
  3 big kobolds
  10 bullfrogs
  A gnoll sergeant (D:7)
  A wyvern skeleton (D:9)
  2 water moccasin zombies
  Dowan (D:5)
  15 killer bees (D:8)
  3 jellies
  3 howler monkeys
  4 crimson imps
  2 bullfrog zombies (D:10)
  5 hounds
  3 orc priests
  A centaur skeleton (D:5)
  2 iguanas
  11 orc wizards
  7 worker ants
  3 hound zombies
  2 hound skeletons
  2 worker ant zombies (D:7)
  17 gnolls
  A howler monkey skeleton (D:4)
  14 adders
  5 shadow imps
  An adder skeleton (D:7)
  5 worms
  A dart slug (D:1)
  5 leopard geckos
  29 orcs
  2 ball pythons
  8 bats
  2 bat zombies (D:4)
  5 giant cockroaches
  29 goblins
  26 hobgoblins
  12 jackals
  11 kobolds
  5 quokkas
  11 frilled lizards
  A leopard gecko skeleton (D:7)
  2 leopard gecko zombies
  2 quokka skeletons
  3 rats
  2 rat zombies (D:4)
  A fungus (Lair:2)
329 creatures vanquished.

Vanquished Creatures (others)
  An orc wizard (D:3)
  A fungus (Lair:2)
  5 plants (D:10)
7 creatures vanquished.

Grand Total: 336 creatures vanquished

Notes
Turn   | Place    | Note
-------+----------+-------------------------------------------
     0 | D:1      | Illumine the Minotaur Fighter began the quest for the Orb.
     0 | D:1      | Reached XP level 1. HP: 19/19 MP: 0/0
    75 | D:1      | Reached XP level 2. HP: 21/27 MP: 1/1
   628 | D:2      | Reached XP level 3. HP: 33/33 MP: 2/2
  1104 | D:2      | Found a sacrificial altar of Ru.
  1477 | D:3      | Reached XP level 4. HP: 34/40 MP: 3/3
  1826 | D:3      | Reached XP level 5. HP: 46/47 MP: 4/4
  2398 | D:3      | Noticed Sigmund
  2407 | D:3      | Killed Sigmund
  2407 | D:3      | Reached skill level 5 in Fighting
  2407 | D:3      | Reached skill level 5 in Axes
  2407 | D:3      | Reached skill level 5 in Armour
  2407 | D:3      | Reached skill level 5 in Shields
  2407 | D:3      | Reached XP level 6. HP: 43/56 MP: 5/5
  2625 | D:4      | Reached XP level 7. HP: 47/61 MP: 6/6
  2700 | D:4      | Found a basalt altar of Yredelemnul.
  2791 | D:5      | Entered Level 5 of the Dungeon
  3232 | D:5      | Found Anawiphurru's Antique Weapon Shop.
  3329 | D:5      | Found a stormy altar of Qazlal.
  3330 | D:5      | Noticed a water elemental
  3331 | D:5      | Noticed a fire elemental
  3331 | D:5      | Noticed an air elemental
  3360 | D:5      | Reached skill level 1 in Dodging
  3360 | D:5      | Reached XP level 8. HP: 18/70 MP: 7/7
  3722 | D:5      | Noticed Duvessa
  3722 | D:5      | Noticed Dowan
  3732 | D:5      | Killed Dowan
  3743 | D:5      | Killed Duvessa
  3865 | D:5      | Found a large runed translucent door.
  3867 | D:5      | Found a large runed translucent door.
  3867 | D:5      | Noticed Qborf's ghost (amateur MiFi)
  4111 | D:6      | Found a glowing golden altar of the Shining One.
  4149 | D:6      | Found a radiant altar of Vehumet.
  4451 | D:7      | Found a staircase to the Ecumenical Temple.
  4480 | Temple   | Entered the Ecumenical Temple
  4726 | Temple   | Became a worshipper of Makhleb the Destroyer
  4877 | D:4      | Found Etzeykk's Book Shop.
  5092 | D:4      | Found an ancient bone altar of Kikubaaqudgha.
  5296 | D:4      | Reached * piety under Makhleb
  5300 | D:4      | Reached skill level 1 in Invocations
  5371 | D:4      | Reached XP level 9. HP: 78/79 MP: 8/8
  5570 | D:4      | Reached ** piety under Makhleb
  5977 | D:5      | Killed Qborf's ghost
  6227 | D:6      | Noticed Eustachio
  6248 | D:6      | Killed Eustachio
  6819 | D:6      | Found a runed translucent door.
  6820 | D:6      | Noticed Skilfsilihog's ghost (novice MiFi)
  7387 | D:7      | Found a shadowy altar of Dithmenos.
  7388 | D:7      | Found a sparkling altar of Nemelex Xobeh.
  7874 | D:8      | Found a snail-covered altar of Cheibriados.
  8029 | D:8      | Noticed a queen bee
  8057 | D:8      | Killed a queen bee
  8057 | D:8      | Reached *** piety under Makhleb
  8057 | D:8      | Reached skill level 5 in Dodging
  8057 | D:8      | Reached XP level 10. HP: 37/88 MP: 11/11
  9026 | D:8      | Paralysed by a hornet for 2 turns
  9367 | D:9      | Found an ornate altar of the Wu Jian Council.
  9686 | D:9      | Noticed a two-headed ogre
  9692 | D:9      | Killed a two-headed ogre
 10066 | D:9      | Found a bloodstained altar of Trog.
 10243 | D:9      | Reached skill level 10 in Axes
 10612 | D:10     | Entered Level 10 of the Dungeon
 10757 | D:10     | Reached skill level 5 in Invocations
 10787 | D:10     | Noticed Erolcha
 10904 | D:10     | Killed Erolcha
 10904 | D:10     | Reached XP level 11. HP: 75/97 MP: 8/13
 10953 | D:10     | Reached **** piety under Makhleb
 11340 | D:10     | Noticed a two-headed ogre
 11346 | D:10     | Killed a two-headed ogre
 11430 | D:10     | Found a staircase to the Lair.
 11448 | Lair:1   | Entered Level 1 of the Lair of Beasts
 12120 | Lair:2   | Reached skill level 10 in Shields
 12124 | Lair:2   | Reached skill level 10 in Armour
 12128 | Lair:2   | Slain by a blink frog

Illustrated notes

Levels and vault maps discovered:
D:1:      tarquinn_simple_flora_water_a, layout_rooms
D:2:      layout_basic, marbit_many_paths
D:3:      layout_basic, first_ration, uniq_sigmund
D:4:      minmay_goblin_kobold_castle, layout_basic,
          lemuel_zombie_altar_kikubaaqudgha, serial_shops, shop,
          lemuel_tele_altar
D:5:      layout_loops_ring, nicolae_qazlal_style_of_elements,
          ebering_ghost_disaster_area, serial_shops, nicolae_shop_stone,
          ebering_dispersal_statue_hall, minmay_pentangle, uniq_duvessa
D:6:      layout_loops_ring, kennysheep_mini_moat,
          nicolae_overflow_crystal_walls, ebering_ghost_reflecting_pool,
          uniq_eustachio
D:7:      layout_basic, minitemple, minmay_temple_entry_ruins,
          minmay_fractal_squares_gapless_5
D:8:      layout_gridville, lemuel_crystal_altar, david_nohive_1, minivault_22,
          minmay_misc_feat_enclosed
D:9:      layout_basic, trog_ov_bears_minmay, basic_altar, st_stairs_8,
          zaba_anthole
D:10:     layout_irregular_city, david_lair_shrubbed, moated_statue,
          uniq_erolcha
Temple:   dshaligram_water_room_temple
Lair:1:   layout_gridlike
Lair:2:   layout_small_grid

Skill      XL: |  1  2  3  4  5  6  7  8  9 10 11 |
---------------+----------------------------------+-----
Axes           | 3 4 5 6 7 8 9 10 | 10.5
Fighting       | 4 5 6 7 8 9 |  9.9
Shields        | 4 5 6 7 8 9 10 | 10.0
Armour         | 4 5 6 7 8 9 10 | 10.0
Dodging        | 1 3 5 6 7 |  7.1
Invocations    | 1 3 5 |  5.7

Action                   |  1- 3 |  4- 6 |  7- 9 | 10-12 || total
-------------------------+-------+-------+-------+-------++-------
Melee: War axe           |   101 |   113 |   426 |   179 ||   819
       Headbutt          |    12 |    20 |    82 |    63 ||   177
       Broad axe         |       |       |       |   112 ||   112
  Use: Scroll            |       |     4 |    11 |     5 ||    20
       Potion            |       |       |     3 |     2 ||     5
  Eat: Chunk             |     1 |     5 |    18 |    13 ||    37
Armor: Scale mail        |    48 |       |       |       ||    48
       Chain mail        |    23 |    71 |   213 |   106 ||   413
Dodge: Dodged            |    29 |    25 |   151 |   106 ||   311
Block: Kite shield       |    62 |    60 |   318 |   220 ||   660
